 Dungeon Crawl Stone Soup version 0.27-a0-457-gba82baf56e (webtiles) character file.

Game seed: 7650795634195387891

6745 Vikop the Geomancer (level 11, 0/64 HPs)
             Began as a Gargoyle Earth Elementalist on Feb 28, 2021.
             Was a Believer of Vehumet.
             Slain by a two-headed ogre
             ... wielding a +0 giant club
              (2 damage)
             ... on level 10 of the Dungeon.
             The game lasted 00:22:17 (11086 turns).

Vikop the Geomancer (Gargoyle Earth Elementalist)  Turns: 11086, Time: 00:22:17

Health: 0/64       AC: 16    Str: 13    XL:     11   Next: 4%
Magic:  16/21      EV: 17    Int: 18    God:    Vehumet [**....]
Gold:   605        SH:  0    Dex: 10    Spells: 14/23 levels left

rFire    + . .     SeeInvis .   u - +4 scimitar
rCold    + + .     Faith    .   (no shield)
rNeg     + . .     Spirit   .   w - +2 robe {rC+}
rPois    ∞         Reflect  .   x - +0 helmet
rElec    +         Harm     .   h - scarf {rC+ rF+}
rCorr    .         Rampage  .   m - +2 pair of gloves
Will     .....                  (no boots)
Stlth    ++........             y - amulet of magic regeneration
HPRegen  0.20/turn              j - +4 ring of evasion
MPRegen  0.42/turn              (no ring)

@: no status effects
A: negative energy resistance 1, electricity resistance, unbreathing,
petrification resistance, miasma immunity, AC +8
a: Renounce Religion


You were on level 10 of the Dungeon.
You worshipped Vehumet.
Vehumet was pleased with you.
You visited 2 branches of the dungeon, and saw 11 of its levels.

You collected 605 gold pieces.

Inventory:

Hand Weapons
 o - a +1 dire flail of protection
 u - a +4 scimitar (weapon)
 v - a +0 mace
Missiles
 b - 151 stones
 f - a throwing net
Armour
 h - a scarf of resistance (worn)
 m - a +2 pair of gloves (worn)
 w - a +2 robe of cold resistance (worn)
 x - a +0 helmet (worn)
Jewellery
 j - a +4 ring of evasion (left hand)
 l - a ring of flight
 p - an amulet of the acrobat
 y - an amulet of magic regeneration (around neck)
Wands
 c - a wand of mindburst (12)
 q - a wand of charming (12)
 s - a wand of paralysis (19)
Scrolls
 d - 2 scrolls of teleportation
 r - a scroll of enchant weapon
 B - 2 scrolls of fear
 C - 2 scrolls of identify
Potions
 a - a potion of magic
 e - 2 potions of heal wounds
 g - 2 potions of haste
 i - 4 potions of attraction
 k - 3 potions of flight
 n - a potion of might
 t - 8 potions of curing
 z - a potion of cancellation
Miscellaneous
 A - a phial of floods
 D - a phantom mirror


   Skills:
 + Level 5.3 Fighting
 + Level 4.9 Maces & Flails
 + Level 5.3 Armour
 + Level 4.5 Dodging
 - Level 2.1 Stealth
 + Level 6.7 Spellcasting
 + Level 7.2 Conjurations
 - Level 0.7 Transmutations
 + Level 9.1 Earth Magic
 + Level 4.5 Evocations


You had 14 spell levels left.
You knew the following spells:

 Your Spells              Type           Power        Failure   Level
a - Sandblast             Erth           76%          1%          1
b - Stone Arrow           Conj/Erth      70%          1%          3
c - Lee's Rapid Deconstr  Erth           19%          8%          5

Your spell library contained the following spells:

 Spells                   Type           Power        Failure   Level
 Ignite Poison            Fire/Tmut/Pois 6%           30%         3
 Magic Dart               Conj           100%         1%          1
 Passwall                 Tmut/Erth      19%          2%          2
 Conjure Flame            Conj/Fire      19%          8%          3
 Mephitic Cloud           Conj/Pois/Air  14%          12%         3
 Petrify                  Tmut/Erth      23%          14%         4
 Blink                    Tloc           N/A          17%         2
 Call Imp                 Summ           6%           17%         2
 Slow                     Hex            6%           17%         2


Dungeon Overview and Level Annotations

Branches:
Dungeon (10/15)            Temple (1/1) D:4            Lair (0/6) D:9
    Orc: D:9-12

Altars:
Ashenzari
Cheibriados
Elyvilon
Fedhas
Gozag
Hepliaklqana
Makhleb
Nemelex Xobeh
Okawaru
Qazlal
Sif Muna
Trog
Uskayaw
Vehumet
Wu Jian
Xom
Yredelemnul
Zin
The Shining One

Shops:
D:4 :   D:5 (   D:8 (


Innate Abilities, Weirdness & Mutations

You are resistant to torment.
Your stone body is resilient. (AC +8)
You are immune to poison.
You resist negative energy. (rN+)
You are resistant to electric shocks. (rElec)
You can survive without breathing.
You are immune to petrification.
You are immune to miasma.


Message History

The centaur wields a +0 shortbow.
The centaur shoots an arrow.
The arrow hits you.
The centaur shoots an arrow.
The arrow misses you.
A two-headed ogre comes into view. It is wielding two +0 giant clubs.
The centaur shoots an arrow.
The arrow hits you!
The centaur shoots an arrow.
The arrow hits you.
The centaur shoots an arrow.
The arrow hits you!
The centaur unwields a +0 shortbow.
The centaur misses you.
You hit the two-headed ogre but do no damage.
The centaur misses you.
You riposte.
You slash the centaur!
The centaur is severely wounded.
The two-headed ogre barely misses you.
The two-headed ogre hits you with a +0 giant club!
The centaur barely misses you.
You riposte.
You hit the centaur.
The centaur is severely wounded.
Casting: Lee's Rapid Deconstruction (dangerous; 8% risk of failure)
Confirm with . or Enter, or press ? or * to list all spells.
Aiming: Stone Arrow (safe; 1% risk of failure)
Press: ? - help, Shift-Dir - straight line, f - two-headed ogre
Aim: a two-headed ogre, wielding two +0 giant clubs (12% to evade)
The stone arrow hits the two-headed ogre!!
The two-headed ogre is heavily wounded.
The centaur closely misses you.
The two-headed ogre hits you with a +0 giant club!
* * * LOW HITPOINT WARNING * * *
The two-headed ogre closely misses you.
Unknown command.
Casting: Stone Arrow (safe; 1% risk of failure)
Confirm with . or Enter, or press ? or * to list all spells.
Aiming: Stone Arrow (safe; 1% risk of failure)
Press: ? - help, Shift-Dir - straight line, f/p - two-headed ogre
Aim: a two-headed ogre, wielding two +0 giant clubs (heavily wounded, 12% to evade)
The stone arrow hits the two-headed ogre!!
The two-headed ogre is almost dead.
The centaur hits you but does no damage.
The centaur completely misses you.
The two-headed ogre hits you with a +0 giant club!
* * * LOW HITPOINT WARNING * * *
The two-headed ogre hits you with a +0 giant club.
You die...

............#......#.....$..
...........!#......#..>.....
............'.....<#........
........#......)........
..####+#########........ ..
#...........#####
#...........# #..........$#
#...O@......# #...c.......#
#...........#
..............#
...####+####### .. .


You could see a two-headed ogre and a centaur.

Vanquished Creatures
  The ghost of Jano the Protected, a novice MiHu of Okawaru (D:6)
  Prince Ribbit (D:5)
  Grinder (D:5)
  4 yaks (D:9)
  3 wyverns
  2 humans (D:7)
  2 basilisks (D:9)
  Edmund (D:5)
  Menkaure (D:6)
  A soldier ant (D:10)
  2 water moccasins (D:9)
  Duvessa (D:7)
  2 ice beasts
  A sky beast (D:7)
  3 ogres
  3 phantoms
  A kobold brigand (D:10)
  Blork the orc (D:5)
  5 bullfrogs
  A wyvern skeleton (D:9)
  Dowan (D:7)
  6 scorpions
  9 killer bees (D:7)
  9 wights
  2 howler monkeys (D:6)
  A centaur zombie (D:5)
  4 hounds
  A jelly (D:7)
  3 bullfrog skeletons
  3 orc priests
  A centaur skeleton (D:7)
  Ijyb (D:4)
  6 orc wizards
  4 iguanas
  5 worker ants
  A hound zombie (D:10)
  4 gnolls (D:8)
  14 adders
  4 river rats (D:3)
  4 shadow imps
  2 white imps
  2 ufetubi
  2 oozes
  An adder zombie (D:5)
  An adder skeleton (D:5)
  2 worms (D:3)
  2 dart slugs (D:2)
  5 leopard geckos
  11 orcs
  3 ball pythons
  4 giant cockroaches
  3 goblins (D:1)
  9 hobgoblins
  5 jackals
  10 kobolds
  A quokka (D:5)
  7 bats
  4 frilled lizards
  A jackal zombie (D:5)
  A leopard gecko zombie (D:8)
  A quokka zombie (D:6)
  11 rats
208 creatures vanquished.

Vanquished Creatures (others)
  2 fungi (D:9)
  15 plants (D:9)
17 creatures vanquished.

Grand Total: 225 creatures vanquished

Notes
Turn   | Place    | Note
-------+----------+-------------------------------------------
     0 | D:1      | Vikop the Gargoyle Earth Elementalist began the quest for
                  | the Orb.
     0 | D:1      | Reached XP level 1. HP: 10/10 MP: 3/3
    73 | D:1      | Reached XP level 2. HP: 10/15 MP: 1/5
    74 | D:1      | Reached skill level 4 in Earth Magic
  1024 | D:1      | Reached XP level 3. HP: 19/19 MP: 0/6
  1093 | D:1      | Learned a level 3 spell: Stone Arrow
  1444 | D:2      | Found a shimmering altar of Xom.
  1818 | D:2      | Reached skill level 1 in Conjurations
  1818 | D:2      | Reached XP level 4. HP: 24/24 MP: 6/8
  2634 | D:3      | Reached skill level 5 in Earth Magic
  2634 | D:3      | Reached XP level 5. HP: 13/28 MP: 2/9
  3329 | D:3      | Found an opulent altar of Gozag.
  3796 | D:3      | Learned a level 5 spell: Lee's Rapid Deconstruction
  3871 | D:4      | Found an ornate altar of the Wu Jian Council.
  3871 | D:4      | Noticed Ijyb
  3878 | D:4      | Killed Ijyb
  3879 | D:4      | Reached XP level 6. HP: 32/32 MP: 0/11
  4182 | D:4      | Reached skill level 6 in Earth Magic
  4255 | D:4      | Reached XP level 7. HP: 31/36 MP: 0/13
  4933 | D:4      | Found a staircase to the Ecumenical Temple.
  4956 | Temple   | Entered the Ecumenical Temple
  4964 | Temple   | Became a worshipper of Vehumet
  5330 | D:4      | Found Zexedefu's Book Shoppe.
  5427 | D:5      | Entered Level 5 of the Dungeon
  5445 | D:5      | Noticed Edmund
  5462 | D:5      | Killed Edmund
  5463 | D:5      | Reached skill level 1 in Fighting
  5463 | D:5      | Reached skill level 1 in Armour
  5463 | D:5      | Reached XP level 8. HP: 43/43 MP: 13/15
  5494 | D:5      | Reached skill level 1 in Evocations
  5566 | D:5      | Noticed Blork the orc
  5583 | D:5      | Killed Blork the orc
  5584 | D:5      | Reached skill level 1 in Maces & Flails
  5584 | D:5      | Reached skill level 7 in Earth Magic
  5611 | D:5      | Found Kiseups's Weapon Emporium.
  5705 | D:5      | Noticed Prince Ribbit
  5896 | D:5      | Reached skill level 5 in Spellcasting
  5993 | D:5      | Noticed Grinder
  6010 | D:5      | Killed Grinder
  6011 | D:5      | Reached skill level 5 in Conjurations
  6400 | D:5      | Killed Prince Ribbit
  6401 | D:5      | Reached XP level 9. HP: 36/49 MP: 7/17
  6682 | D:6      | Noticed Menkaure
  6687 | D:6      | Killed Menkaure
  6687 | D:6      | Reached * piety under Vehumet
  6687 | D:6      | Offered knowledge of Shock by Vehumet.
  7209 | D:6      | Identified the +2 ring mail of Venet {Dex+3}
  7223 | D:6      | Found a bloodstained altar of Trog.
  7385 | D:6      | Found a hazy altar of Hepliaklqana.
  7494 | D:6      | Found a runed translucent door.
  7494 | D:6      | Noticed Jano's ghost (novice MiHu)
  7676 | D:6      | Killed Jano's ghost
  7677 | D:6      | Reached skill level 8 in Earth Magic
  7798 | D:7      | Found a sparkling altar of Nemelex Xobeh.
  7929 | D:7      | Noticed Duvessa
  7937 | D:7      | Killed Duvessa
  8074 | D:7      | Noticed Dowan
  8080 | D:7      | Killed Dowan
  8169 | D:7      | Reached XP level 10. HP: 56/56 MP: 13/19
  8327 | D:7      | Found an iron altar of Okawaru.
  8905 | D:8      | Reached ** piety under Vehumet
  8910 | D:8      | Offered knowledge of Freeze by Vehumet.
  9051 | D:8      | Found Vusybac's Weapon Boutique.
 10109 | D:9      | Reached skill level 5 in Armour
 10151 | D:9      | Found a blossoming altar of Fedhas.
 10157 | D:9      | Found a stormy altar of Qazlal.
 10226 | D:9      | Reached skill level 5 in Fighting
 10272 | D:9      | Found a broken altar of Ashenzari.
 10277 | D:9      | Found a staircase to the Lair.
 10297 | D:9      | Reached skill level 9 in Earth Magic
 10391 | D:9      | Found a basalt altar of Yredelemnul.
 10459 | D:9      | Found a glowing golden altar of the Shining One.
 10487 | D:9      | Reached XP level 11. HP: 64/64 MP: 20/20
 10559 | D:9      | Offered knowledge of Ignite Poison by Vehumet.
 10910 | D:10     | Entered Level 10 of the Dungeon
 11080 | D:10     | Noticed a two-headed ogre
 11086 | D:10     | HP: 2/64 [two-headed ogre/+0 giant club (17)]
 11086 | D:10     | Slain by a two-headed ogre

Illustrated notes

Levels and vault maps discovered:
D:1:      beargit_arrival_greenhouse, layout_loops_ring
D:2:      layout_basic, xom_teletrap_fun
D:3:      layout_loops_cross, grunt_gozag_breadcrumbs,
          lightli_sewer_entry_pipes, kennysheep_generic_room_7
D:4:      layout_rooms, nzn_wu_jian_contemplation, temple_fountains,
          serial_shops, kennysheep_little_box, uniq_ijyb
D:5:      layout_basic, serial_shops, kennysheep_mini_moat, uniq_blork_the_orc,
          uniq_grinder, uniq_edmund, uniq_prince_ribbit1
D:6:      layout_loops_ring, lemuel_crystal_altar, nzn_hepliaklqana_mist_gate,
          ebering_ghost_reflecting_pool, uniq_menkaure
D:7:      layout_loops_ring, nemelex_xobeh_ov_fountains_minmay, okawaru_humans,
          uniq_duvessa
D:8:      layout_loops_ring, serial_shops, shop
D:9:      layout_loops_ring, grunt_temple_overflow_forces_of_nature,
          nicolae_overflow_crystal_walls, tso_oasis_becter,
          nicolae_overflow_hidden_temple, minmay_lair_entry_grove
D:10:     layout_gridville
Temple:   eino_temple_lava

Skill      XL: |  1  2  3  4  5  6  7  8  9 10 |
---------------+-------------------------------+-----
Earth Magic    | 4 5 6 7 8 9 |  9.1
Spellcasting   | 3 4 5 6 |  6.7
Conjurations   | 1 2 3 4 5 6 7 |  7.2
Fighting       | 1 2 3 5 |  5.3
Armour         | 1 2 4 5 |  5.3
Dodging        | 2 3 4 |  4.5
Evocations     | 2 3 4 |  4.5
Maces & Flails | 2 3 4 |  4.9
Stealth        | |  2.1
Transmutations | |  0.7

Action                   |  1- 3 |  4- 6 |  7- 9 | 10-12 || total
-------------------------+-------+-------+-------+-------++-------
Melee: Unarmed           |    16 |       |       |       ||    16
       Club              |    33 |       |       |       ||    33
       Short sword       |    56 |   154 |       |       ||   210
       Scimitar          |       |       |   192 |   215 ||   407
 Cast: Sandblast         |    20 |    58 |    44 |    45 ||   167
       Stone Arrow       |       |     2 |    14 |     4 ||    20
       Lee's Rapid Decon |       |     2 |     6 |     5 ||    13
Evoke: Wand              |       |       |     4 |       ||     4
  Use: Scroll            |       |     6 |     9 |     5 ||    20
       Potion            |       |       |     2 |       ||     2
 Stab: Sleeping          |     2 |     1 |     4 |     2 ||     9
       Paralysed         |       |       |    10 |       ||    10
Armor: Robe              |    40 |    55 |    82 |    92 ||   269
Dodge: Dodged            |    83 |   141 |   235 |   249 ||   708
       Rpst.: Scimitar   |       |       |    88 |    77 ||   165

Table legend: (Time is in decaauts)
 A = Elapsed time spent in this place.
 B = Non-inter-level travel time spent in this place.
 C = Inter-level travel time spent in this place.
 D = Time resting spent in this place.
 E = Time spent auto-exploring this place.
 F = Levels seen in this place.
 G = Mean time per level.
                   A        B        C        D        E       F      G
               +--------+--------+--------+--------+--------+-----+--------+
         Total |  11337 |  10954 |    383 |    707 |   8086 |  11 | 1030.6 |
       Dungeon |  11320 |  10945 |    375 |    707 |   8086 |  10 | 1132.0 |
        Temple |     16 |      8 |      8 |      0 |      0 |   1 |   16.0 |
               +--------+--------+--------+--------+--------+-----+--------+

Top non-repeatable levels by time:
     D:3: 1669 daAuts
     D:4: 1600 daAuts
     D:1: 1403 daAuts
     D:5: 1246 daAuts
     D:6: 1158 daAuts
     D:7: 1120 daAuts
     D:8: 1103 daAuts
     D:9: 985 daAuts
     D:2: 841 daAuts
    D:10: 192 daAuts
  Temple: 16 daAuts
